 Dungeon Crawl Stone Soup version 0.30-a0-381-g6ea064c7b4 (webtiles) character file.

Game seed: 16803094328602435732

55968 Chaicat the Protected (level 14, -8/133 HPs)
             Began as a Minotaur Fighter on Nov 30, 2022.
             Was a Follower of Ashenzari.
             Mangled by Rupert
             ... wielding a +0 great sword of electrocution
              (19 damage)
             ... on level 5 of the Lair of Beasts on Dec 1, 2022.
             The game lasted 00:44:13 (17260 turns).

Chaicat the Protected (Minotaur Fighter)           Turns: 17260, Time: 00:44:13

Health: -8/133     AC: 25    Str: 28    XL:     14   Next: 40%
Magic:  13/13      EV:  8    Int:  4    God:    Ashenzari [*.....]
Gold:   252        SH:  0    Dex: 17    Spells: 13/13 levels left

rFire   + . .      SeeInvis +    Y - +11 plutonium sword {Contam Stlth-}
rCold   + + .      Faith    .    (shield currently unavailable)
rNeg    . . .      Spirit   .    i - +3 plate armour {rC+}
rPois   .          Reflect  .    U - +2 hat {Stlth+}
rElec   .          Harm     .    G - scarf {rC+ rF+}
rCorr   .          Rampage  .    k - +0 pair of gloves "Annoyance of Ashenzari" {Elem, Melee} (curse)
Will    +....                    l - +0 pair of boots "Omniscient Mysticism" {Fort, Evo} (curse)
Stlth   ..........               b - amulet of the acrobat
HPRegen 0.42/turn                v - +6 ring of strength
MPRegen 0.13/turn                N - +4 ring of slaying

@: no status effects
A: horns 2, retaliatory headbutt, hooves 1, see invisible, agile 1
a: Renounce Religion, Curse Item, Shatter the Chains


You were on level 5 of the Lair of Beasts.
You worshipped Ashenzari.
Ashenzari was aware of your devotion.
You visited 3 branches of the dungeon, and saw 18 of its levels.
You visited the Abyss 1 time.
You also visited: Bailey.

You collected 1552 gold pieces.
You spent 1300 gold pieces at shops.

Inventory:

Hand Weapons
 a - a +1 war axe
 s - the +6 long sword "Xujo" {spect, rN+ Dex+3}
   (You found it on level 3 of the Dungeon)

   When its wielder attacks, the weapon's spirit leaps out and strikes again.
   The spirit shares a part of any damage it takes with its wielder.
   Dex:       It affects your dexterity (+3).
   rN:        It protects you from negative energy.
 A - a +2 hand axe of flaming
 I - the +9 hand axe "Spiderbane" {pain, rElec rF+ MP+9 Str+2}
   (You found it on level 7 of the Dungeon)

   In the hands of one skilled in necromantic magic, it inflicts extra damage on
   living creatures.
   Str:       It affects your strength (+2).
   rF:        It protects you from fire.
   rElec:     It insulates you from electricity.
   MP:        It affects your magic capacity (+9).
 T - a +1 demon whip of venom
 Y - the +11 plutonium sword (weapon) {Contam Stlth-}
   (You bought it in a shop on level 8 of the Dungeon)

   It occasionally inflicts wild transmutation effects on those it strikes,
   inflicting malmutation or extra damage, or polymorphing them into a new form.
   Contam:    It causes magical contamination when unequipped.
   Stlth:     It makes you less stealthy.
Missiles
 S - 4 throwing nets
Armour
 c - a +0 buckler
 i - a +3 plate armour of cold resistance (worn)
 k - the cursed +0 pair of gloves "Annoyance of Ashenzari" (worn) {Elem, Melee}
   (You found it on level 1 of the Dungeon)

   It has a curse which improves the following skills: Elements: Fire Magic, Ice
   Magic, Air Magic and Earth Magic.
   Melee Combat: Short Blades, Long Blades, Axes, Maces & Flails, Polearms,
   Staves and Unarmed Combat.
 l - the cursed +0 pair of boots "Omniscient Mysticism" (worn) {Fort, Evo}
   (You found it on level 2 of the Dungeon)

   It has a curse which improves the following skills: Fortitude: Armour and
   Shields.
   Evocations: Evocations.
 G - a scarf of resistance (worn)
 U - a +2 hat of stealth (worn)
Jewellery
 b - an amulet of the acrobat (around neck)
 v - a +6 ring of strength (left hand)
 D - a +6 ring of intelligence
 J - a ring of fire
 N - a +4 ring of slaying (right hand)
 P - a ring of flight
 Q - a ring of fire
 R - a ring of poison resistance
 W - a ring of willpower
Wands
 e - a wand of roots (10)
 n - a wand of paralysis (29)
 y - a wand of mindburst (21)
 L - a wand of polymorph (6)
 V - a wand of quicksilver (9) (quivered)
Scrolls
 j - 2 scrolls of amnesia
 u - 2 scrolls of magic mapping
 x - a scroll of blinking
 F - a scroll of fear
 H - a scroll of teleportation
 M - a scroll of summoning
 Z - 3 scrolls of enchant weapon
Potions
 d - 2 potions of might
 f - 2 potions of haste
 g - a potion of cancellation
 h - 4 potions of magic
 m - a potion of mutation
 o - 3 potions of resistance
 p - 2 potions of heal wounds
 q - 2 potions of flight
 r - 6 potions of lignification
 w - 3 potions of brilliance
 z - 7 potions of curing
 B - a potion of berserk rage
 C - 3 potions of invisibility
Miscellaneous
 E - a condenser vane (inert)
 O - a phial of floods


   Skills:
 + Level 14.6 Fighting
 + Level 8.9(9.8) Long Blades
 + Level 13.0(13.8) Axes
 + Level 14.7(15.4) Armour
 - Level 14.2(15.0) Shields
 + Level 7.3(8.2) Evocations


You had 13 spell levels left.
You didn't know any spells.
Your spell library contained the following spells:

 Spells                   Type           Power      Damage    Failure   Level
 Sandblast                Erth           0%         2d4       97%         1
 Sting                    Tmut/Pois      0%         1d3       98%         1
 Blink                    Tloc           0%         N/A       99%         2
 Ensorcelled Hibernation  Hex/Ice        0%         N/A       99%         2
 Momentum Strike          Conj/Tloc      0%         3d8       99%         2
 Passwall                 Tmut/Erth      0%         N/A       99%         2
 Poisonous Vapours        Pois/Air       0%         N/A       99%         2
 Sublimation of Blood     Necr           0%         N/A       99%         2
 Wereblood                Tmut           0%         N/A       99%         2
 Ignite Poison            Fire/Tmut/Pois 0%         N/A       100%        3
 Lesser Beckoning         Tloc           0%         N/A       100%        3
 Portal Projectile        Hex/Tloc       0%         N/A       100%        3
 Swiftness                Air            0%         N/A       100%        3
 Tukima's Dance           Hex            0%         N/A       100%        3
 Animate Dead             Necr           0%         N/A       100%        4
 Olgreb's Toxic Radiance  Pois           0%         N/A       100%        4
 Sticky Flame             Conj/Fire      0%         2d3       100%        4
 Blade Hands              Tmut           0%         N/A       100%        5
 Borgnjor's Vile Clutch   Necr/Erth      0%         N/A       100%        5
 Death Channel            Necr           0%         N/A       100%        6
 Summon Hydra             Summ           0%         N/A       100%        7
 Polar Vortex             Ice            0%         N/A       100%        9


Dungeon Overview and Level Annotations

Branches:
Dungeon (12/15)            Temple (1/1) D:4            Lair (5/5) D:8
  Swamp (0/4) Lair:3        Snake (0/4) Lair:2        Slime (0/5) Lair:4
    Orc (0/2) D:11         Bailey (visited)

Altars:
Ashenzari
Cheibriados
Dithmenos
Elyvilon
Fedhas
Gozag
Hepliaklqana
Kikubaaqudgha
Makhleb
Nemelex Xobeh
Okawaru
Qazlal
Ru
Sif Muna
Trog
Uskayaw
Vehumet
Wu Jian
Xom
Yredelemnul
Zin
The Shining One
Jiyva

Shops:
D:8 *

Annotations:
Lair:5 Rupert


Innate Abilities, Weirdness & Mutations

You have a pair of horns on your head.
You reflexively headbutt those who attack you in melee.
You have large cloven feet.
You have supernaturally acute eyesight. (SInv)
You are agile. (Dex +4, Str/Int -1)


Message History

A yak comes into view.
The yak bellows!
Rupert the Wild comes into view.
He is wielding a +0 great sword of electrocution and wearing a +4 ring mail of fire resistance.
Rupert shouts!
You slash the yak! Your headbutt misses the yak.
The yak is moderately wounded.
A yak comes into view.
You slash the yak!
The yak is heavily wounded.
The yak gores you but does no damage.
You slash the yak!
Mutagenic energy flows through the plutonium sword!
The yak's body twists unnaturally.
The yak twists and deforms.
You headbutt the yak.
The yak is severely wounded.
Rupert roars madly and goes into a rage!
Rupert goes berserk!
You hear a shout!
Rupert closely misses you. Rupert attacks as you move away!
Rupert hits you with a +0 great sword of electrocution!!
You are electrocuted!!
The yak snorts and paws the ground.
Rupert hits you with a +0 great sword of electrocution!!
Rupert attacks as you move away!
Rupert hits you with a +0 great sword of electrocution!!
Rupert rages.
Rupert closely misses you. You furiously retaliate!
You headbutt Rupert! Rupert attacks as you move away! Rupert barely misses you.
Rupert hits you with a +0 great sword of electrocution!
* * * LOW HITPOINT WARNING * * *
You feel much better.
Rupert hits you with a +0 great sword of electrocution!!
* * * LOW HITPOINT WARNING * * *
You slash Rupert!
Rupert is lightly wounded.
Rupert hits you with a +0 great sword of electrocution!!
* * * LOW HITPOINT WARNING * * *
Rupert hits you with a +0 great sword of electrocution!!
You die...

... #..#..#
...## #.<.#
#....###.##
.......†.##
.......††.#
.#.#.#..### .#
##...## ..
###..## .##
#@..# ...#
#@#### ...#
##Y...####...#
#....Y......P#
##...##...#.##
#.######Y## ###
#YY.#
..P..YYY..!...#
...........#..#


You could see Rupert (berserk) and a yak.

Vanquished Creatures
  Gastronok (Lair:2)
  The ghost of Xetequo the Peltast, a journeyman MiFi of Trog (Lair:3)
  Snorg (D:11)
  Fannar (D:11)
  Harold (Lair:2)
  6 hydras
  The ghost of greynaab the Skirmisher, a journeyman FoHu of Hepliaklqana (D:8)
  A catoblepas (Lair:3)
  2 two-headed ogres
  2 boulder beetles
  5 death yaks (Lair:4)
  Sonja (D:11)
  Amaemon (Lair:2)
  Pikel (D:7)
  An oklob plant (Lair:4)
  4 elephants (Lair:2)
  4 black mambas
  8 cane toads
  An orange demon (Lair:2)
  2 gargoyles (D:11)
  8 komodo dragons
  4 rime drakes
  A kobold demonologist (D:9)
  2 trolls
  A tyrant leech (Lair:3)
  A polar bear (Lair:1)
  Grinder (D:3)
  11 blink frogs
  7 dream sheep (Lair:4)
  6 wyverns
  3 wraiths
  40 yaks
  2 basilisks
  3 swamp worms (Lair:3)
  9 water moccasins
  4 black bears
  5 ice beasts
  3 sky beasts (D:7)
  9 orc warriors
  5 ogres
  28 wolves
  4 centaurs
  A phantom (D:6)
  A lemure (D:7)
  21 kobold brigands
  A gnoll sergeant (D:8)
  2 necrophages
  12 bullfrogs
  2 scorpions
  35 killer bees
  4 howler monkeys
  2 jellies
  5 hounds
  5 orc priests
  3 gnoll boudas
  2 iguanas
  Natasha (thrice) (D:3)
  12 orc wizards
  21 gnolls
  10 adders
  A shadow imp (D:6)
  An ufetubus (D:5)
  3 worms
  2 dart slugs (D:2)
  44 orcs
  10 ball pythons
  5 bats
  7 endoplasms
  4 giant cockroaches
  11 goblins
  6 hobgoblins
  5 jackals
  3 quokkas
  3 frilled lizards
  31 kobolds
  4 rats
484 creatures vanquished.

Vanquished Creatures (others)
  13 fungi
  17 plants
  2 withered plants (Lair:3)
32 creatures vanquished.

Grand Total: 516 creatures vanquished

Notes
Turn   | Place    | Note
-------+----------+-------------------------------------------
     0 | D:1      | Chaicat the Minotaur Fighter began the quest for the Orb.
     0 | D:1      | Reached XP level 1. HP: 19/19 MP: 0/0
   127 | D:1      | Reached XP level 2. HP: 25/27 MP: 1/1
   503 | D:1      | Found a faded altar of an unknown god.
   508 | D:1      | Got Plato's Octavo of the Mountains
  1118 | D:2      | Reached XP level 3. HP: 33/33 MP: 2/2
  1234 | D:2      | Reached XP level 4. HP: 40/40 MP: 3/3
  1479 | D:3      | Identified the +6 long sword "Xujo" {spect, rN+ Dex+3}
  1613 | D:3      | Noticed Natasha
  1618 | D:3      | Killed Natasha
  1619 | D:3      | Reached XP level 5. HP: 47/47 MP: 4/4
  1693 | D:3      | Noticed Natasha
  1695 | D:3      | Killed Natasha
  1810 | D:3      | Noticed Grinder
  1824 | D:3      | Killed Grinder
  1825 | D:3      | Reached skill level 5 in Fighting
  1825 | D:3      | Reached skill level 1 in Long Blades
  1825 | D:3      | Reached skill level 5 in Armour
  1825 | D:3      | Reached skill level 5 in Shields
  1825 | D:3      | Reached XP level 6. HP: 44/56 MP: 5/5
  2025 | D:3      | Noticed Natasha
  2031 | D:3      | Killed Natasha
  2119 | D:4      | Found a staircase to the Ecumenical Temple.
  2123 | D:4      | Reached XP level 7. HP: 60/62 MP: 6/6
  2145 | Temple   | Entered the Ecumenical Temple
  2207 | Temple   | Became a worshipper of Ashenzari the Shackled
  2761 | D:4      | Found a snail-covered altar of Cheibriados.
  2886 | D:5      | Entered Level 5 of the Dungeon
  2901 | D:5      | Reached XP level 8. HP: 66/71 MP: 7/7
  2908 | D:5      | Reached skill level 5 in Axes
  4153 | D:6      | Reached skill level 1 in Evocations
  4181 | D:6      | Reached XP level 9. HP: 81/81 MP: 8/8
  4914 | D:7      | Noticed Pikel
  4925 | D:7      | Killed Pikel
  4926 | D:7      | Reached skill level 5 in Long Blades
  5291 | D:7      | Reached XP level 10. HP: 82/91 MP: 9/9
  5438 | D:7      | Found a flagged portal.
  5450 | D:7      | Identified the +9 hand axe "Spiderbane" {pain, rElec rF+
                  | MP+9 Str+2}
  5454 | Bailey   | Entered a bailey
  5909 | Bailey   | Found a bloodstained altar of Trog.
  5915 | Bailey   | Identified the +0 scale mail "Ecoruw" {rF+ rC- Int+4}
  5923 | Bailey   | Identified the +1 leather armour of Tenacity {Str+5}
  5943 | Bailey   | Upgraded the game from 0.30-a0-377-g5cb311bc9f to
                  | 0.30-a0-381-g6ea064c7b4
  6153 | D:8      | Reached skill level 10 in Fighting
  6153 | D:8      | Reached skill level 10 in Armour
  6162 | D:8      | Reached skill level 10 in Shields
  6231 | D:8      | Found a staircase to the Lair.
  6379 | D:8      | Found Veimiz's Changing Room.
  6461 | D:8      | Found a runed translucent gate.
  6461 | D:8      | Found a runed translucent gate.
  6461 | D:8      | Found a runed translucent gate.
  6461 | D:8      | Noticed greynaab's ghost (journeyman FoHu)
  6611 | D:8      | Identified the cursed +0 pair of boots "Omniscient
                  | Mysticism" {Fort, Evo} (You found it on level 2 of the
                  | Dungeon)
  7502 | D:9      | Noticed a two-headed ogre
  7507 | D:9      | Killed a two-headed ogre
  7508 | D:9      | Reached XP level 11. HP: 46/101 MP: 10/10
  7727 | D:9      | Got the Treatise on Wintry Calefaction
  8109 | D:10     | Entered Level 10 of the Dungeon
  8130 | D:10     | Reached * piety under Ashenzari
  8131 | D:10     | Reached skill level 10 in Axes
  8131 | D:10     | Reached XP level 12. HP: 90/112 MP: 11/11
  8132 | D:10     | Gained mutation: You are frail. (-10% HP) [potion of
                  | mutation]
  8132 | D:10     | Gained mutation: Your muscles are strong. (Str +4, Int/Dex
                  | -1) [potion of mutation]
  8133 | D:10     | Lost mutation: You are frail. (-10% HP) [potion of
                  | mutation]
  8133 | D:10     | Lost mutation: Your muscles are strong. (Str +4, Int/Dex
                  | -1) [potion of mutation]
  8133 | D:10     | Gained mutation: You have large cloven feet. [potion of
                  | mutation]
  8133 | D:10     | Gained mutation: You are agile. (Dex +4, Str/Int -1)
                  | [potion of mutation]
  8133 | D:10     | Gained mutation: You have supernaturally acute eyesight.
                  | (SInv) [potion of mutation]
  8407 | D:10     | Noticed a two-headed ogre
  8423 | D:10     | Killed a two-headed ogre
  8936 | D:11     | Noticed Sonja
  8940 | Abyss:1  | Cast into level 1 of the Abyss (Sonja)
  8954 | D:11     | Escaped the Abyss
  8955 | D:11     | Killed Sonja
  9691 | D:11     | Noticed Fannar
  9705 | D:11     | Killed Fannar
  9773 | D:11     | Noticed Snorg
  9782 | D:11     | Killed Snorg
 10326 | D:11     | Found a staircase to the Orcish Mines.
 10510 | Lair:1   | Entered Level 1 of the Lair of Beasts
 10516 | Lair:1   | Noticed a boulder beetle
 10540 | Lair:1   | Killed a boulder beetle
 11324 | Lair:1   | Reached XP level 13. HP: 112/122 MP: 12/12
 12399 | Lair:2   | Noticed Harold
 12401 | Lair:2   | Reached skill level 5 in Evocations
 12442 | Lair:2   | Killed Harold
 12693 | Lair:2   | Found a staircase to the Snake Pit.
 12743 | Lair:2   | Noticed Amaemon
 12754 | Lair:2   | Killed Amaemon
 12799 | Lair:2   | Noticed Gastronok
 12825 | Lair:2   | Killed Gastronok
 13327 | Lair:3   | Found a runed translucent door.
 13332 | Lair:3   | Noticed Xetequo's ghost (journeyman MiFi)
 13491 | Lair:3   | Killed Xetequo's ghost
 14088 | D:8      | Bought the +11 plutonium sword {Contam Stlth-} for 1300
                  | gold pieces
 14088 | D:8      | Found the +11 plutonium sword {Contam Stlth-}
 14198 | D:8      | Killed greynaab's ghost
 15007 | Lair:3   | Found a staircase to the Swamp.
 15425 | Lair:4   | Reached XP level 14. HP: 131/132 MP: 13/13
 15681 | Lair:4   | Identified the cursed +0 pair of gloves "Annoyance of
                  | Ashenzari" {Elem, Melee} (You found it on level 1 of the
                  | Dungeon)
 16485 | Lair:4   | Found a staircase to the Slime Pits.
 16485 | Lair:4   | Found a viscous altar of Jiyva.
 16685 | Lair:4   | Identified the +4 whip "Ujymacre" {elec, *Slow rElec Int+6}
 16904 | Lair:5   | Entered Level 5 of the Lair of Beasts
 17245 | Lair:5   | Noticed Rupert
 17260 | Lair:5   | Mangled by Rupert

Illustrated notes

Levels and vault maps discovered:
D:1:      dpeg_arrival_pits, layout_loops_corners,
          shapermc_ecumenical_altar_rom_forum
D:2:      layout_basic
D:3:      layout_basic, uniq_grinder, uniq_natasha
D:4:      layout_basic, cheibrodos_worm_habitat, minmay_temple_entry_tees
D:5:      minmay_inner_zag, layout_cave_pods
D:6:      minmay_octagon_keep, layout_rooms, st_stairs_1
D:7:      layout_loops_ring, enter_bailey_2, patterned_corridor, uniq_pikel
D:8:      layout_cave_pools, hellmonk_lair_entry_icy,
          gammafunk_ghost_nasty_kobolds, nicolae_transmutations_shop
D:9:      layout_loops_cross, chequers_serial_rivers_micro_e
D:10:     layout_gridville
D:11:     layout_basic, hiddenorc1_lemuel, hangedman_glass_teeth, uniq_snorg,
          uniq_fannar, uniq_sonja
D:12:     layout_cave_pools, nicolae_hepliaklqana_hazy_memory
Temple:   kilobyte_greek_temple
Lair:1:   wad_woods_minihive, layout_cave_pods, st_stairs_9, beast_lair_carwin_4
Lair:2:   layout_roguey, dummy_snake_entry, uniq_gastronok, uniq_amaemon,
          uniq_harold
Lair:3:   layout_regular_city, palyth_hydra_swamp_entry, gammafunk_ghost_grave
Lair:4:   dpeg_oklob_shooting_range, layout_hall_layers, slime_entry_1,
          minmay_lair_oklob_items
Lair:5:   hellmonk_lair_end_abyssal_woods, layout_loops_ring, uniq_rupert

Skill      XL: |  1  2  3  4  5  6  7  8  9 10 11 12 13 14 |
---------------+-------------------------------------------+-----
Shields        | 4 5 6 7 9 10 11 12 14 | 14.2
Fighting       | 4 5 6 7 9 10 11 13 14 | 14.6
Armour         | 4 5 6 7 9 10 11 13 14 | 14.7
Axes           | 3 4 5 6 8 10 11 12 13 | 13.0
Long Blades    | 1 2 3 4 5 7 8 |  8.9
Evocations     | 1 2 4 6 7 |  7.3

Action                   |  1- 3 |  4- 6 |  7- 9 | 10-12 | 13-15 || total
-------------------------+-------+-------+-------+-------+-------++-------
Melee: War axe           |    58 |    24 |       |       |       ||    82
       Headbutt          |     8 |    12 |    40 |    72 |    97 ||   229
       Long sword        |       |    46 |   213 |    22 |       ||   281
       Hand axe          |       |       |       |   325 |   243 ||   568
       Triple sword      |       |       |       |       |   165 ||   165
Invok: Curse Item        |       |       |     1 |     1 |       ||     2
Evoke: Wand              |       |       |     4 |    14 |    63 ||    81
       Condenser vane    |       |       |       |       |     1 ||     1
  Use: Scroll            |     6 |     5 |     8 |     4 |     6 ||    29
       Potion            |       |       |       |    10 |     5 ||    15
 Stab: Distracted        |       |       |     1 |       |       ||     1
       Invisible         |       |       |       |       |     2 ||     2
Armor: Chain mail        |    22 |    31 |    25 |       |       ||    78
       Scale mail        |     1 |       |       |       |       ||     1
       Plate armour      |       |       |    71 |   162 |   378 ||   611
       Skin              |       |       |       |     6 |    69 ||    75
Dodge: Dodged            |    25 |    31 |    86 |   150 |   264 ||   556
Block: Buckler           |    12 |    17 |    46 |   140 |    67 ||   282

Table legend: (Time is in decaauts)
 A = Elapsed time spent in this place.
 B = Non-inter-level travel time spent in this place.
 C = Inter-level travel time spent in this place.
 D = Time resting spent in this place.
 E = Time spent auto-exploring this place.
 F = Levels seen in this place.
 G = Mean time per level.
                   A        B        C        D        E       F      G
               +--------+--------+--------+--------+--------+-----+--------+
         Total |  17374 |  16473 |    901 |   2023 |  11554 |  20 |  868.7 |
       Dungeon |  10288 |   9705 |    583 |    609 |   7315 |  12 |  857.3 |
        Temple |    159 |    152 |      7 |      0 |    131 |   1 |  159.0 |
          Lair |   6380 |   6069 |    311 |   1331 |   3775 |   5 | 1276.0 |
         Abyss |     13 |     13 |      0 |      0 |      0 |   1 |   13.0 |
        Bailey |    531 |    531 |      0 |     83 |    332 |   1 |  531.0 |
               +--------+--------+--------+--------+--------+-----+--------+

Top non-repeatable levels by time:
  Lair:4: 1866 daAuts
  Lair:1: 1828 daAuts
  Lair:3: 1614 daAuts
    D:11: 1486 daAuts
     D:8: 1382 daAuts
     D:5: 1243 daAuts
     D:9: 1062 daAuts
     D:1: 1056 daAuts
  Lair:2: 996 daAuts
     D:7: 806 daAuts
    D:10: 792 daAuts
     D:4: 678 daAuts
     D:6: 666 daAuts
     D:3: 628 daAuts
  Bailey: 531 daAuts
